 Dungeon Sprint DCSS version 0.28-a0-664-gc179e30c89 (webtiles) character file.

Game seed: 14299295931723741219

1154 iamoutofideas the Eclecticist (level 8, -16/42 HPs)
             Began as a Deep Elf Fire Elementalist on Oct 15, 2021.
             Was a Follower of Vehumet.
             Demolished by Snorg (17 damage)
             ... in the Dungeon (Sprint III: "The Ten Rune Challenge").
             The game lasted 00:04:06 (1377 turns).

iamoutofideas the Eclecticist (DEFE)                Turns: 1377, Time: 00:04:09

Health: -16/42     AC:  7    Str:  5    XL:     8   Next: 16%
Magic:  18/29      EV: 15    Int: 23    God:    Vehumet [*.....]
Gold:   28         SH:  0    Dex: 15    Spells: 25/38 levels left

rFire   . . .      SeeInvis .   (no weapon)
rCold   . . .      Faith    .   (no shield)
rNeg    . . .      Spirit   .   a - +0 robe
rPois   .          Reflect  .   (no helmet)
rElec   .          Harm     .   (no cloak)
rCorr   .          Rampage  .   (no gloves)
Will    .....      NoTele   +   o - +0 pair of boots
Stlth   ++........              (no amulet)
HPRegen 0.14/turn               (no ring)
MPRegen 0.21/turn               (no ring)

@: no status effects
A: iridescent scales 2
a: Renounce Religion


You were in the Dungeon.
You worshipped Vehumet.
Vehumet was aware of your devotion.
You visited 1 branch You collected 28 gold pieces.

Inventory:

Hand Weapons
 m - a +0 dagger
Armour
 a - a +0 robe (worn)
 o - a +0 pair of boots (worn)
Scrolls
 g - a scroll of blinking
 i - a scroll of torment
 j - a scroll of identify
 k - a scroll of holy word
Potions
 b - 4 potions of curing
 c - a potion of heal wounds
 d - a potion of haste
 e - 3 potions of magic
 f - a potion of berserk rage
 l - a potion of invisibility
 n - a potion of might
Miscellaneous
 h - a lightning rod (4/4)


   Skills:
 - Level 0.6 Fighting
 + Level 6.4 Dodging
 - Level 2.4 Stealth
 * Level 15.9 Spellcasting
 + Level 5.2 Conjurations
 + Level 12.5 Fire Magic


You had 25 spell levels left.
You knew the following spells:

 Your Spells              Type           Power      Damage    Failure   Level
a - Foxfire               Conj/Fire      100%       2x1d9     1%          1
b - Scorch                Fire           100%       2d10      1%          2
c - Conjure Flame         Conj/Fire      56%        6-21      1%          3
d - Flame Wave            Conj/Fire      56%        3d10      1%          4
e - Gell's Gravitas       Tloc           9%         N/A       10%         3

Your spell library contained the following spells:

 Spells                   Type           Power      Damage    Failure   Level
 Shock                    Conj/Air       100%       1d9       1%          1
 Inner Flame              Hex/Fire       47%        N/A       1%          3
 Call Canine Familiar     Summ           18%        N/A       10%         3
 Iskenderun's Mystic Bla  Conj/Tloc      30%        2d8       11%         4
 Summon Lightning Spire   Summ/Air       18%        N/A       30%         4
 Conjure Ball Lightning   Conj/Air       15%        3x3d6     85%         6
 Discord                  Hex            9%         N/A       100%        8
 Disjunction              Tloc           9%         N/A       100%        8


Dungeon Overview and Level Annotations

Branches:
Dungeon (1/1)

Altars:
Cheibriados
Dithmenos
Elyvilon
Fedhas
Gozag
Hepliaklqana
Kikubaaqudgha
Makhleb
Nemelex Xobeh
Okawaru
Qazlal
Ru
Sif Muna
Trog
Uskayaw
Vehumet
Wu Jian
Xom
Yredelemnul
Zin
The Shining One
Beogh
Jiyva
Lugonu

Annotations:
D Snorg


Innate Abilities, Weirdness & Mutations

You are mostly covered in iridescent scales. (AC +4)


Message History

Confirm with . or Enter, or press ? or * to list all spells.
Okay, then.
Casting: Scorch (safe; 1% risk of failure)
Confirm with . or Enter, or press ? or * to list all spells.
Casting: Flame Wave (dangerous; 1% risk of failure)
Press: ? - help, Dir - look around, f - activate A wave of flame ripples out! (Press . to intensify the flame waves.) Snorg goes berserk!
Unknown command.
Unknown command.
A wave of flame ripples out!
The flame wave engulfs Snorg!!
Snorg is burned terribly!
Snorg is moderately wounded.
Snorg rages.
Snorg is engulfed in a cloud of scalding steam.
Snorg bites you!! Snorg barely misses you. Snorg closely misses you.
Unknown command.
A wave of flame ripples out!
The flame wave engulfs Snorg!!
Snorg is burned terribly!
Snorg is heavily wounded.
You finish channelling waves of flame.
Snorg is engulfed in a cloud of scalding steam.
Snorg misses you. Snorg claws you! Snorg misses you.
Unknown command.
Casting: Flame Wave (dangerous; 1% risk of failure)
Confirm with . or Enter, or press ? or * to list all spells.
Casting: Flame Wave (dangerous; 1% risk of failure)
Press: ? - help, Dir - look around, f - activate A wave of flame ripples out!
The flame wave engulfs Snorg!!!
Snorg is burned terribly!
Snorg is almost dead. (Press . to intensify the flame waves.) Snorg is engulfed in a cloud of scalding steam.
Snorg bites you but does no damage. Snorg misses you. Snorg closely misses you.
Snorg is engulfed in a cloud of scalding steam.
Snorg misses you. Snorg claws you!
* * * LOW HITPOINT WARNING * * *
Snorg claws you!
You die...

##.############
#..#___#___#__#
#..#.).#__)#[_#
#..###'#'###'##
#..#..........#
...'.⌠........#
...#...######'#
...#.⌠.#__#...#+#####
...#...#__#...#.@§§≈+
...#'###__#...#.#T§≈#
...#.).#__#...'.#§§.#
...#___#_v+...#.#...#
▓▓▓▓▓▓▓▓▓▓▓▓▓▓▓▓▓▓▓▓▓


You could see Snorg (berserk, combustible).

Vanquished Creatures
  A deep elf pyromancer (D)
  A shadow (D)
  A necrophage (D)
  A water elemental (D)
  A jelly (D)
  Jessica (D)
  A wizard (D)
  A necromancer (D)
  3 humans (D)
  A kobold demonologist (D)
  A wolf (D)
  3 rats (D)
16 creatures vanquished.

Vanquished Creatures (others)
  37 foxfires (D)
37 creatures vanquished.

Grand Total: 53 creatures vanquished

Notes
Turn   | Place    | Note
-------+----------+-------------------------------------------
     0 | D        | iamoutofideas the Deep Elf Fire Elementalist began the
                  | quest for the Orb.
     0 | D        | Reached XP level 1. HP: 10/10 MP: 6/6
    35 | D        | Noticed Jessica
    42 | D        | Killed Jessica
    43 | D        | Reached skill level 5 in Spellcasting
    43 | D        | Reached skill level 5 in Fire Magic
    43 | D        | Reached XP level 2. HP: 10/15 MP: 2/10
   165 | D        | Reached skill level 6 in Spellcasting
   165 | D        | Reached XP level 3. HP: 19/19 MP: 3/12
   171 | D        | Learned a level 2 spell: Scorch
   175 | D        | Learned a level 3 spell: Conjure Flame
   349 | D        | Gained mutation: You sometimes lose the ability to read
                  | scrolls when taking damage. [potion of mutation]
   349 | D        | Gained mutation: You expend magic power (3 MP) to
                  | strengthen your wands. [potion of mutation]
   349 | D        | Gained mutation: You are robust. (+10% HP) [potion of
                  | mutation]
   370 | D        | Noticed a water elemental
   375 | D        | Killed a water elemental
   376 | D        | Reached skill level 8 in Spellcasting
   376 | D        | Reached XP level 4. HP: 3/26 MP: 9/16
   532 | D        | Learned a level 4 spell: Flame Wave
   669 | D        | Found a basalt altar of Yredelemnul.
   669 | D        | Found a shadowy altar of Dithmenos.
   669 | D        | Found a sacrificial altar of Ru.
   669 | D        | Noticed a necrophage
   673 | D        | Killed a necrophage
   674 | D        | Reached skill level 5 in Dodging
   674 | D        | Reached skill level 10 in Spellcasting
   674 | D        | Reached XP level 5. HP: 30/30 MP: 10/20
   735 | D        | Found a radiant altar of Vehumet.
   735 | D        | Found a shimmering blue altar of Sif Muna.
   735 | D        | Found an ancient bone altar of Kikubaaqudgha.
   739 | D        | Noticed an orange demon
   740 | D        | Reached skill level 11 in Spellcasting
   740 | D        | Reached XP level 6. HP: 35/35 MP: 15/22
   743 | D        | Got the Incunabulum of the Unstable Entourage
   746 | D        | Became a worshipper of Vehumet
   751 | D        | Learned a level 3 spell: Gell's Gravitas
   779 | D        | Found a hide-covered altar of Uskayaw.
   779 | D        | Found an iron altar of Okawaru.
   779 | D        | Found a bloodstained altar of Trog.
   779 | D        | Found an ornate altar of the Wu Jian Council.
   779 | D        | Noticed a human
   779 | D        | Noticed a human
   785 | D        | Killed a human
   786 | D        | Reached skill level 12 in Spellcasting
   786 | D        | Reached skill level 10 in Fire Magic
   787 | D        | Killed a human
   788 | D        | Reached skill level 13 in Spellcasting
   788 | D        | Reached XP level 7. HP: 6/40 MP: 6/25
  1017 | D        | Lost mutation: You sometimes lose the ability to read
                  | scrolls when taking damage. [potion of mutation]
  1017 | D        | Lost mutation: You are robust. (+10% HP) [potion of
                  | mutation]
  1017 | D        | Gained mutation: You have a pair of small horns on your
                  | head. [potion of mutation]
  1017 | D        | Gained mutation: You have hidden genetic potential. [potion
                  | of mutation]
  1024 | D        | Lost mutation: You have hidden genetic potential. [potion
                  | of mutation]
  1024 | D        | Lost mutation: You have a pair of small horns on your head.
                  | [potion of mutation]
  1024 | D        | Lost mutation: You expend magic power (3 MP) to strengthen
                  | your wands. [potion of mutation]
  1024 | D        | Gained mutation: You are partially covered in iridescent
                  | scales. (AC +2) [potion of mutation]
  1024 | D        | Gained mutation: You are mostly covered in iridescent
                  | scales. (AC +4) [potion of mutation]
  1029 | D        | Found a glowing silver altar of Zin.
  1029 | D        | Found a glowing golden altar of the Shining One.
  1029 | D        | Found a white marble altar of Elyvilon.
  1030 | D        | Noticed a deep elf pyromancer
  1032 | D        | Killed a deep elf pyromancer
  1032 | D        | Reached * piety under Vehumet
  1032 | D        | Offered knowledge of Shock by Vehumet.
  1033 | D        | Reached skill level 15 in Spellcasting
  1033 | D        | Reached skill level 5 in Conjurations
  1194 | D        | Noticed a shadow
  1197 | D        | Killed a shadow
  1198 | D        | Reached XP level 8. HP: 42/42 MP: 21/29
  1356 | D        | Found a blossoming altar of Fedhas.
  1356 | D        | Found a stormy altar of Qazlal.
  1357 | D        | Found a snail-covered altar of Cheibriados.
  1357 | D        | Found a burning altar of Makhleb.
  1357 | D        | Found a hazy altar of Hepliaklqana.
  1357 | D        | Found a shimmering altar of Xom.
  1357 | D        | Found an opulent altar of Gozag.
  1357 | D        | Found a sparkling altar of Nemelex Xobeh.
  1357 | D        | Found a corrupted altar of Lugonu.
  1357 | D        | Found a viscous altar of Jiyva.
  1372 | D        | Noticed Snorg
  1377 | D        | HP: 1/42 [Snorg (12)]
  1377 | D        | Demolished by Snorg

Illustrated notes

Levels and vault maps discovered:
D:        dungeon_sprint_mu [sprint_mu_entry_cave, sprint_mu_temple_rooms,
          sprint_mu_d1_horrors, sprint_mu_d2_genie, sprint_mu_d3_branching,
          sprint_mu_orc_legion, sprint_mu_elf_gauntlet, sprint_mu_hive_nellie,
          sprint_mu_lair_fedhas, sprint_mu_vaults_butterflies,
          sprint_mu_slime_circle, sprint_mu_swamp_cave, sprint_mu_shoals_archi,
          sprint_mu_blade_basic, sprint_mu_crypt_chambers,
          sprint_mu_tomb_spiral, sprint_mu_vestibule_basic,
          sprint_mu_gehenna_hellfire, sprint_mu_dis_giant,
          sprint_mu_tartarus_statrot, sprint_mu_cocytus_islands, sprint_mu_zot1]

Skill      XL: |  1  2  3  4  5  6  7 |
---------------+----------------------+-----
Dodging        | 3 4 5 6 |  6.4
Spellcasting   | 5 6 8 10 11 13 15 | 15.9
Fire Magic     | 5 6 7 9 10 12 | 12.5
Conjurations   | 2 3 4 5 |  5.2
Fighting       | |  0.6
Stealth        | |  2.4

Action                   |  1- 3 |  4- 6 |  7- 9 || total
-------------------------+-------+-------+-------++-------
 Cast: Foxfire           |    18 |     1 |     1 ||    20
       Scorch            |     2 |     3 |     4 ||     9
       Flame Wave        |       |     3 |     4 ||     7
       Conjure Flame     |       |     1 |       ||     1
  Use: Scroll            |     3 |       |       ||     3
       Potion            |     1 |       |     2 ||     3
Armor: Robe              |       |     1 |     2 ||     3
Dodge: Dodged            |     6 |     3 |     8 ||    17

Table legend: (Time is in decaauts)
 A = Elapsed time spent in this place.
 B = Non-inter-level travel time spent in this place.
 C = Inter-level travel time spent in this place.
 D = Time resting spent in this place.
 E = Time spent auto-exploring this place.
 F = Levels seen in this place.
 G = Mean time per level.
                   A        B        C        D        E       F      G
               +--------+--------+--------+--------+--------+-----+--------+
         Total |   1377 |   1377 |      0 |   1129 |      0 |   1 | 1377.0 |
       Dungeon |   1377 |   1377 |      0 |   1129 |      0 |   1 | 1377.0 |
               +--------+--------+--------+--------+--------+-----+--------+

Top non-repeatable levels by time:
       D: 1377 daAuts
